 Dungeon Crawl Stone Soup version 0.20-a0-1089-g3fde505 (webtiles) character file.

108950 Leszczynek the Martial Artist (level 16, -8/125 HPs)
             Began as a Gnoll Wanderer on May 2, 2017.
             Was an Elder of Cheibriados.
             Mangled by a swamp dragon (13 damage)
             ... on level 4 of the Swamp on May 3, 2017.
             The game lasted 02:06:57 (21195 turns).

Leszczynek the Martial Artist (Gnoll Wanderer)     Turns: 21195, Time: 02:06:58

Health: -8/125     AC: 20    Str: 21    XL:     16   Next: 51%
Magic:  9/23       EV: 15    Int: 24    God:    Cheibriados [****..]
Gold:   963        SH:  7    Dex: 21    Spells: 6/15 levels left

rFire    + + .     SeeInvis +     - Unarmed
rCold    + + .     Gourm    .   j - +0 buckler {rF+}
rNeg     . . .     Faith    .   B - +1 chain mail of the Princeling {rElec rC+++ MR++ Dex-5}
rPois    +         Spirit   .   L - +2 helmet
rElec    +         Reflect  .   Z - +0 cloak {rPois}
rCorr    .         Harm     .   i - +1 pair of gloves {archery}
MR       ++...                  N - +0 pair of boots
Stlth    ..........             Q - amulet of magic regeneration
Regen    0.3/turn               s - ring of see invisible
MPRegen  0.3/turn               V - ring of fire

@: lethally poisoned (-8 -> -8), very slow
A: short attention span, fangs 1, strong nose
a: Bend Time, Temporal Distortion, Slouch, Renounce Religion


You were on level 4 of the Swamp.
You worshipped Cheibriados.
Cheibriados was greatly pleased with you.
You were near starving.

You visited 5 branches of the dungeon, and saw 28 of its levels.
You also visited: Labyrinth, Ossuary and Volcano.

You collected 2280 gold pieces.
You spent 1317 gold pieces at shops.

Inventory:

Hand Weapons
 b - a +4 blowgun
Missiles
 l - 11 curare-tipped needles
 K - 11 tomahawks (quivered)
 W - 5 needles of confusion
Armour
 i - a +1 pair of gloves of archery (worn)
 j - a +0 buckler of fire resistance (worn)
 B - the +1 chain mail of the Princeling (worn) {rElec rC+++ MR++ Dex-5}
   (You found it in a labyrinth)

   It affects your dexterity (-5).
   It renders you almost immune to cold.
   It insulates you from electricity.
   It affects your resistance to hostile enchantments.
 L - a +2 helmet (worn)
 N - a +0 pair of boots (worn)
 Z - a +0 cloak of poison resistance (worn)
Jewellery
 s - a ring of see invisible (left hand)
 G - an uncursed ring of ice
 I - an uncursed ring of poison resistance
 Q - an amulet of magic regeneration (around neck)
 V - a ring of fire (right hand)
Wands
 a - a wand of confusion (19/48)
 u - a wand of clouds (9/9)
 v - a wand of lightning (7/15)
 y - a wand of polymorph (4/24)
 F - a wand of iceblast (2/15)
 O - a wand of disintegration (8/24)
 P - a wand of lightning (3/15)
 S - a wand of iceblast (7/15)
 T - a wand of confusion (11/48)
Scrolls
 c - 7 scrolls of teleportation
 e - 2 scrolls of fear
 h - 11 scrolls of remove curse {@r2}
 n - 6 scrolls of recharging
 z - 3 scrolls of fog
 A - a scroll of silence {!r}
 C - 2 scrolls of summoning
 J - 3 scrolls of enchant armour
 Y - a scroll of identify {@r1}
Potions
 f - 2 potions of ambrosia
 g - a potion of magic
 m - 5 potions of brilliance
 o - 10 potions of curing {@q1}
 r - a potion of agility
 t - 2 potions of resistance
 w - a potion of heal wounds {@q2}
 x - 4 potions of lignification {!q}
 D - 2 potions of might
 E - 2 potions of mutation {!q}
 U - 2 potions of cancellation
Miscellaneous
 p - a lightning rod (4/4)
 R - a sack of spiders
 X - a lamp of fire (inert)
Comestibles
 d - 16 bread rations
 k - 14 meat rations
 H - 8 fruits
 M - 13 royal jellies


   Skills:
 - Level 11.1 Fighting
 - Level 9.0 Throwing
 + Level 9.1 Armour
 - Level 10.0 Dodging
 - Level 1.3 Stealth
 - Level 7.3 Shields
 * Level 13.4 Unarmed Combat
 - Level 6.6 Conjurations
 - Level 7.2 Hexes
 - Level 4.3 Necromancy
 - Level 5.1 Translocations
 - Level 6.5 Air Magic
 - Level 6.6 Poison Magic
 - Level 10.0 Invocations
 - Level 9.0 Evocations


You had 6 spell levels left.
You knew the following spells:

 Your Spells              Type           Power        Failure   Level  Hunger
a - Slow                  Hex            ####....     8%          2    ###....
b - Mephitic Cloud        Conj/Pois/Air  ####....     21%         3    ####...
c - Animate Skeleton      Necr           N/A          17%         1    ##.....
A - Apportation           Tloc           ###...       12%         1    ##.....
B - Blink                 Tloc           N/A          19%         2    ###....


Dungeon Overview and Level Annotations

Branches:
Dungeon (15/15)            Temple (1/1) D:6            Lair (6/6) D:8
  Swamp (4/4) Lair:2        Snake (0/4) Lair:4        Slime (0/5) Lair:6
    Orc (2/2) D:12            Elf (0/3) Orc:2
 Vaults: D:13-14     Depths: D:15

Altars:
Ashenzari
Cheibriados
Dithmenos
Elyvilon
Fedhas
Gozag
Hepliaklqana
Kikubaaqudgha
Makhleb
Nemelex Xobeh
Okawaru
Qazlal
Ru
Sif Muna
Trog
Uskayaw
Vehumet
Wu Jian
Xom
Yredelemnul
Zin
The Shining One
Beogh

Shops:
D:4 }   D:14 *   D:15 !   Orc:2 [[?!

Annotations:
D:4 Eustachio
D:13 vaults
Lair:1 exclusion: oklob plant
Lair:2 ants, swamp
Lair:5 Urug
Swamp:4 Bai Suzhen


Innate Abilities, Weirdness & Mutations

You have a short attention span.
You have very sharp teeth.
Your uncanny sense of smell can sniff out nearby items.


Message History

You are near starving!
Cheibriados lowers the support of your attributes as your movement quickens.
The swamp dragon closely misses you. The swamp dragon misses you.
The swamp dragon tramples you.
* * * LOW HITPOINT WARNING * * *
You stumble backwards!
Lightning arcs down from a storm cloud!
Unknown command.
You can feel time thicken for a moment.
You feel somewhat more hungry.
You can no longer step out of the time flow.
Cheibriados lowers the support of your attributes as your movement quickens.
The swamp dragon bites you!
* * * LOW HITPOINT WARNING * * *
The swamp dragon misses you. The swamp dragon completely misses you.
An eight-headed hydra comes into view.
You can feel time thicken for a moment.
You feel somewhat more hungry.
Cheibriados lowers the support of your attributes as your movement quickens.
You feel sick.
The eight-headed hydra roars!
The swamp dragon bites you!
You die...

...≈≈≈ ≈≈≈≈≈≈
♣♣♣♣♣♣.≈≈≈.♣
≈≈≈≈≈≈♣♣♣♣♣♣♣≈....≈≈≈≈≈♣♣
≈≈≈≈iw.≈≈≈♣ §≈≈≈..≈≈≈≈≈≈♣
≈≈≈≈DD<≈≈≈♣ .≈≈.≈.≈≈≈≈≈.
≈≈d.♣♣♣≈≈.♣ .....§≈≈≈≈≈
≈≈ ♣♣♣♣ ♣.....≈≈≈.≈
♣....≈≈≈D≈≈
♣♣♣♣.@..≈≈≈...
♣♣§≈≈≈≈D≈≈≈≈.≈♣
♣♣...≈§§§≈.§≈≈≈♣
.....≈§D§§≈≈.≈♣♣
≈≈.≈≈.§§§§§≈.♣♣
≈...≈≈≈§§.≈≈≈♣
.♣♣..≈≈≈≈.§≈≈♣♣♣♣♣
♣≈.≈≈≈§..§.♣...♣♣
♣♣♣≈..§..♣♣♣♣≈..♣♣♣♣♣♣


You could see Bai Suzhen, an eight-headed hydra and a swamp dragon.

Vanquished Creatures
  Nikola (Swamp:4)
  Rupert (Orc:2)
  A thorn hunter (Swamp:4)
  Nessos (D:12)
  A minotaur (Lab)
  15 hydras
  4 vault guards (D:13)
  4 catoblepae
  19 two-headed ogres
  5 alligators
  4 ogre magi (Orc:2)
  2 centaur warriors
  2 tengu warriors (D:15)
  A death yak (Lair:6)
  An orc high priest (Orc:1)
  Nergalle (Orc:1)
  2 spriggan druids (Swamp:3)
  2 unseen horrors
  4 swamp dragons
  A swamp dragon (shapeshifter) (D:13)
  2 orc knights
  The ghost of 4thArraOfDagon the Grappler, a novice BaMo of Yredelemnul (D:7)
  An ugly thing (D:12)
  2 manticores (D:15)
  An orc sorcerer (D:15)
  6 elephants (Lair:6)
  2 cyclopes
  2 toenail golems (Lair:4)
  A black mamba (Lair:6)
  A centaur skeleton (D:11)
  6 spiny frogs
  5 rime drakes
  A gargoyle (D:13)
  13 komodo dragons
  A kobold demonologist (D:13)
  An efreet (D:14)
  A tengu conjurer (D:13)
  8 trolls
  4 bog bodies
  A queen bee (D:10)
  A polar bear (Lair:6)
  3 tyrant leeches
  12 slime creatures
  2 wind drakes (shapeshifter) (D:13)
  8 hornets
  7 blink frogs
  9 hippogriffs
  A dream sheep (Lair:6)
  A water elemental (D:12)
  17 spriggans
  A shadow (D:15)
  32 yaks
  3 wyverns
  4 basilisks
  2 hungry ghosts
  A steam dragon (D:11)
  8 vampire mosquitoes
  17 insubstantial wisps
  4 nagas (Lair:4)
  2 soldier ants (Lair:2)
  9 swamp worms
  8 wargs
  12 water moccasins
  6 porcupines
  An eye of draining (D:12)
  9 swamp drakes
  3 ice beasts
  12 orc warriors
  4 sky beasts
  5 black bears
  3 phantoms
  A necrophage (D:8)
  5 boggarts (Lair:6)
  32 ogres
  30 wolves
  8 crocodiles
  10 centaurs
  2 big kobolds (D:10)
  11 bullfrogs
  A gnoll sergeant (D:9)
  A wyvern zombie (D:11)
  A wyvern skeleton (D:13)
  5 scorpions
  29 killer bees
  7 wights
  3 howler monkeys
  4 electric eels
  11 crimson imps
  4 bullfrog zombies
  6 jellies
  A quasit (D:10)
  2 centaur zombies
  3 human zombies (Ossuary)
  9 orc priests
  8 hounds
  2 bullfrog skeletons
  An iguana (D:7)
  20 orc wizards
  11 worker ants
  A big kobold zombie (Ossuary)
  A hound zombie (D:7)
  4 hound skeletons
  3 mummies
  8 gnolls
  10 adders
  8 shadow imps
  An ooze (D:3)
  2 adder zombies
  3 adder skeletons
  2 worms
  2 dart slugs (D:1)
  8 leopard geckos
  76 orcs
  4 giant cockroaches
  10 goblins
  6 hobgoblins (D:2)
  2 jackals (D:11)
  11 kobolds
  5 quokkas
  A ball python (D:3)
  7 bats
  4 frilled lizards
  2 goblin zombies
  9 hobgoblin zombies (Ossuary)
  A jackal skeleton (D:5)
  2 jackal zombies (Ossuary)
  14 kobold zombies
  5 orc zombies (Ossuary)
  4 rats
  A rat zombie (Ossuary)
  A plant (Lair:6)
785 creatures vanquished.

Vanquished Creatures (collateral kills)
  An alligator (Swamp:2)
  A spiny frog (Swamp:3)
  A hornet (Swamp:3)
  A spriggan (Swamp:3)
  2 swamp worms
6 creatures vanquished.

Vanquished Creatures (others)
  A tyrant leech (Swamp:4)
  2 swamp drakes (Swamp:4)
  A fire vortex (Lair:5)
  12 fungi
  9 plants
  4 toadstools (D:1)
29 creatures vanquished.

Grand Total: 820 creatures vanquished

Notes
Turn   | Place    | Note
-------+----------+-------------------------------------------
     0 | D:1      | Leszczynek the Gnoll Wanderer began the quest for the Orb.
     0 | D:1      | Leszczynek set off with: a +2 scale mail, a potion of lignification {!q}, a scroll of teleportation, a bread ration, a +0 dagger
     0 | D:1      | Reached XP level 1. HP: 20/20 MP: 2/2
     0 | D:1      | 11/10/15 (4/2/6)
    42 | D:1      | Reached skill level 1 in Unarmed Combat
    61 | D:1      | Reached skill level 2 in Unarmed Combat
    61 | D:1      | Reached XP level 2. HP: 19/26 MP: 3/3
   249 | D:1      | Reached skill level 3 in Unarmed Combat
   560 | D:2      | Reached skill level 4 in Unarmed Combat
   560 | D:2      | Reached XP level 3. HP: 16/31 MP: 4/4
   587 | D:2      | HP: 9/46 [poisoned by an adder]
  1007 | D:3      | Reached skill level 5 in Unarmed Combat
  1060 | D:3      | Reached XP level 4. HP: 36/38 MP: 5/5
  1786 | D:3      | Reached skill level 6 in Unarmed Combat
  1933 | D:4      | Reached XP level 5. HP: 20/43 MP: 6/6
  2200 | D:4      | Noticed Eustachio
  2203 | D:5      | Entered Level 5 of the Dungeon
  2233 | D:5      | Reached skill level 7 in Unarmed Combat
  2333 | D:6      | Found a bloodstained altar of Trog.
  2339 | D:6      | Noticed an orc warrior
  2416 | D:4      | Reached XP level 6. HP: 47/49 MP: 7/7
  2527 | D:4      | Found a burning altar of Makhleb.
  2572 | D:4      | Found Mollommi's Gadget Shop.
  2578 | D:4      | Bought a wand of iceblast (6/15) for 130 gold pieces
  2645 | D:5      | Reached skill level 8 in Unarmed Combat
  2784 | D:5      | Reached skill level 5 in Fighting
  2829 | D:5      | Reached skill level 6 in Fighting
  2829 | D:5      | Reached XP level 7. HP: 44/58 MP: 8/8
  2905 | D:5      | Found an iron altar of Okawaru.
  2906 | D:5      | Found an ancient bone altar of Kikubaaqudgha.
  2947 | D:5      | Reached skill level 2 in Dodging
  3072 | D:7      | Found a shimmering altar of Xom.
  3093 | D:7      | Reached skill level 3 in Dodging
  3099 | D:7      | Found a bloodstained altar of Trog.
  3129 | D:7      | Reached skill level 4 in Dodging
  3153 | D:7      | Noticed a hippogriff
  3184 | D:7      | Killed a hippogriff
  3184 | D:7      | Reached skill level 6 in Dodging
  3206 | D:7      | Noticed 4thArraOfDagon's ghost (novice BaMo)
  3285 | D:6      | Reached skill level 7 in Fighting
  3285 | D:6      | Reached XP level 8. HP: 48/67 MP: 9/9
  3381 | D:6      | Reached skill level 5 in Armour
  3414 | D:6      | Found a staircase to the Ecumenical Temple.
  3425 | D:6      | Reached skill level 6 in Armour
  3441 | Temple   | Entered the Ecumenical Temple
  3480 | Temple   | Became a worshipper of Cheibriados the Contemplative
  3550 | D:6      | Reached skill level 7 in Dodging
  3954 | D:7      | Killed 4thArraOfDagon's ghost
  3954 | D:7      | Reached skill level 9 in Unarmed Combat
  3954 | D:7      | Reached XP level 9. HP: 33/72 MP: 10/10
  4065 | D:7      | Reached skill level 1 in Invocations
  4111 | D:7      | Reached skill level 3 in Invocations
  4226 | D:7      | Reached skill level 4 in Invocations
  4266 | D:7      | Reached skill level 5 in Invocations
  4369 | D:7      | Reached * piety under Cheibriados
  4519 | D:7      | Reached skill level 6 in Invocations
  4566 | D:8      | Found a sand-covered staircase.
  4575 | Ossuary  | Entered an ossuary
  4769 | Ossuary  | Reached ** piety under Cheibriados
  4922 | D:8      | Reached skill level 10 in Unarmed Combat
  4922 | D:8      | Reached skill level 7 in Invocations
  5007 | D:8      | Reached skill level 2 in Evocations
  5020 | D:8      | Found a staircase to the Lair.
  5103 | D:9      | Reached skill level 3 in Evocations
  5147 | D:9      | Reached skill level 4 in Evocations
  5161 | D:8      | Reached skill level 8 in Fighting
  5203 | D:9      | Reached skill level 5 in Evocations
  5264 | D:8      | Reached XP level 10. HP: 70/79 MP: 15/15
  5450 | D:8      | Reached *** piety under Cheibriados
  5709 | D:9      | Reached skill level 6 in Evocations
  5891 | D:9      | Found a blossoming altar of Fedhas.
  5907 | D:9      | Reached skill level 9 in Fighting
  6050 | D:10     | Entered Level 10 of the Dungeon
  6060 | D:10     | Learned a level 2 spell: Blink
  6068 | D:10     | Reached **** piety under Cheibriados
  6068 | D:10     | Reached skill level 1 in Translocations
  6075 | D:10     | Reached skill level 8 in Dodging
  6075 | D:10     | Reached skill level 2 in Translocations
  6169 | D:10     | Reached skill level 3 in Translocations
  6169 | D:10     | Reached skill level 7 in Evocations
  6226 | D:10     | Reached skill level 4 in Translocations
  6305 | D:10     | Reached skill level 5 in Translocations
  6316 | D:10     | Learned a level 2 spell: Slow
  6330 | D:10     | Reached skill level 2 in Hexes
  6367 | D:10     | Reached skill level 3 in Hexes
  6395 | D:10     | Reached skill level 4 in Hexes
  6433 | D:10     | Reached skill level 5 in Hexes
  6441 | D:10     | Reached ***** piety under Cheibriados
  6614 | D:10     | Reached skill level 6 in Hexes
  6638 | D:10     | Reached skill level 7 in Hexes
  6681 | D:10     | Reached skill level 7 in Armour
  6791 | D:10     | Reached XP level 11. HP: 75/88 MP: 16/16
  7090 | D:11     | Learned a level 3 spell: Mephitic Cloud
  7133 | D:11     | Reached skill level 1 in Poison Magic
  7196 | D:11     | Reached skill level 1 in Air Magic
  7215 | D:11     | Reached skill level 1 in Conjurations
  7231 | D:11     | Reached skill level 2 in Poison Magic
  7238 | D:11     | Reached skill level 2 in Conjurations
  7394 | D:11     | Reached skill level 2 in Air Magic
  7444 | D:11     | Reached skill level 3 in Conjurations
  7444 | D:11     | Reached skill level 3 in Poison Magic
  7502 | D:11     | Reached skill level 3 in Air Magic
  7562 | D:12     | Noticed a two-headed ogre
  7574 | D:12     | Killed a two-headed ogre
  7574 | D:12     | Reached skill level 4 in Conjurations
  7574 | D:12     | Reached skill level 4 in Poison Magic
  7622 | D:12     | Reached skill level 4 in Air Magic
  7711 | D:11     | Noticed a six-headed hydra
  7739 | D:11     | Noticed a two-headed ogre
  7752 | D:11     | Killed a two-headed ogre
  7752 | D:11     | Reached skill level 5 in Conjurations
  7752 | D:11     | Reached skill level 5 in Air Magic
  7752 | D:11     | Reached skill level 5 in Poison Magic
  7928 | D:12     | Reached ****** piety under Cheibriados
  7981 | D:12     | Noticed Nessos
  7997 | D:12     | Killed Nessos
  7997 | D:12     | Reached skill level 6 in Conjurations
  7997 | D:12     | Reached skill level 6 in Air Magic
  7997 | D:12     | Reached skill level 6 in Poison Magic
  8183 | D:12     | Found a staircase to the Orcish Mines.
  8430 | D:12     | Noticed a white ugly thing
  8446 | D:12     | Killed a white ugly thing
  8446 | D:12     | Reached XP level 12. HP: 45/94 MP: 17/17
  8980 | Lair:1   | Entered Level 1 of the Lair of Beasts
  9060 | Lair:1   | Found an opulent altar of Gozag.
  9091 | Lair:1   | Reached skill level 11 in Unarmed Combat
  9840 | Lair:4   | Reached skill level 8 in Armour
  9866 | Lair:4   | Found a dark tunnel.
  9966 | Volcano  | Entered a volcano
  9992 | Lair:4   | that'd be instabanishment
  9992 | Lair:4   | so no thanks
 10230 | Lair:4   | Reached skill level 10 in Fighting
 10230 | Lair:4   | Reached skill level 9 in Dodging
 10364 | Lair:4   | Found a staircase to the Snake Pit.
 10403 | Lair:3   | Noticed a five-headed hydra
 10414 | Lair:3   | Killed a five-headed hydra
 10414 | Lair:3   | Reached skill level 8 in Invocations
 10643 | Lair:5   | Noticed Urug
 10654 | Lair:5   | Reached XP level 13. HP: 68/102 MP: 15/19
 10659 | Lair:5   | Reached skill level 9 in Armour
 10659 | Lair:5   | Reached skill level 9 in Invocations
 10748 | Lair:6   | Entered Level 6 of the Lair of Beasts
 10893 | Lair:6   | Found a labyrinth entrance.
 10901 | Lab      | Entered a labyrinth
 11306 | Lab      | Noticed a minotaur
 11312 | Lab      | Killed a minotaur
 11334 | Lab      | Identified the +1 chain mail of the Princeling {rElec rC+++ MR++ Dex-5} (You found it in a labyrinth)
 11618 | Lair:5   | Reached skill level 1 in Throwing
 11635 | Lair:5   | Reached skill level 2 in Throwing
 11714 | Lair:6   | Reached skill level 3 in Throwing
 11718 | Lair:6   | Reached skill level 4 in Throwing
 11748 | Lair:6   | Reached skill level 5 in Throwing
 11768 | Lair:6   | Reached skill level 6 in Throwing
 12023 | Lair:6   | Reached skill level 7 in Throwing
 12115 | Lair:6   | Reached skill level 8 in Throwing
 12206 | Lair:6   | Reached skill level 9 in Throwing
 12334 | Lair:6   | Reached skill level 2 in Shields
 12538 | Lair:6   | Reached skill level 3 in Shields
 12606 | Lair:6   | Reached skill level 4 in Shields
 12630 | Lair:6   | Reached skill level 5 in Shields
 12936 | Lair:6   | Reached skill level 6 in Shields
 13022 | Lair:6   | Reached skill level 7 in Shields
 13022 | Lair:6   | Reached XP level 14. HP: 76/110 MP: 14/20
 13045 | Lair:6   | Found a staircase to the Slime Pits.
 13790 | Orc:1    | Entered Level 1 of the Orcish Mines
 13902 | Orc:1    | Noticed Nergalle
 13916 | Orc:1    | Killed Nergalle
 14186 | Orc:1    | Found a roughly hewn altar of Beogh.
 14256 | Orc:2    | Entered Level 2 of the Orcish Mines
 14259 | Orc:2    | Found a roughly hewn altar of Beogh.
 14615 | Orc:2    | Noticed Rupert
 14632 | Orc:2    | Killed Rupert
 14632 | Orc:2    | Reached skill level 12 in Unarmed Combat
 15130 | Orc:2    | Found a staircase to the Elven Halls.
 15166 | Orc:2    | Found Aplirghai's Distillery.
 15166 | Orc:2    | Found Etzetyl's Magic Scroll Shop.
 15167 | Orc:2    | Found Guvareg's Armour Shop.
 15167 | Orc:2    | Found Ijadek's Antique Armour Emporium.
 15676 | Orc:2    | Bought a runed buckler for 202 gold pieces
 15696 | Orc:2    | Bought a potion of resistance for 170 gold pieces
 15696 | Orc:2    | Bought a potion of cancellation for 136 gold pieces
 15696 | Orc:2    | Bought a potion of heal wounds for 85 gold pieces
 15697 | Orc:2    | Bought a scroll of teleportation for 36 gold pieces
 15697 | Orc:2    | Bought a scroll of teleportation for 36 gold pieces
 15871 | D:13     | Reached XP level 15. HP: 84/115 MP: 21/21
 16030 | D:13     | Identified a scroll of acquirement
 16088 | D:13     | Reached skill level 13 in Unarmed Combat
 16444 | D:14     | Found Hoyqaek's Demolitions Depot.
 16526 | D:15     | Entered Level 15 of the Dungeon
 16606 | D:14     | Reached skill level 8 in Evocations
 17081 | D:15     | Noticed a fire giant
 17128 | D:15     | Learned a level 1 spell: Apportation
 17130 | D:15     | Learned a level 1 spell: Animate Skeleton
 17181 | D:15     | Found Yvaxuq's Distillery.
 17185 | D:15     | Bought a potion of curing for 48 gold pieces
 17185 | D:15     | Bought a potion of curing for 48 gold pieces
 17185 | D:15     | Bought a potion of curing for 48 gold pieces
 17185 | D:15     | Bought a potion of heal wounds for 80 gold pieces
 17185 | D:15     | Bought a potion of resistance for 160 gold pieces
 17266 | D:14     | Reached skill level 1 in Necromancy
 17437 | D:14     | Reached skill level 2 in Necromancy
 17493 | D:15     | Reached skill level 3 in Necromancy
 17729 | D:14     | Reached skill level 4 in Necromancy
 17857 | D:13     | Reached skill level 10 in Dodging
 18573 | Lair:2   | Found a staircase to the Swamp.
 18669 | Swamp:1  | Entered Level 1 of the Swamp
 19114 | Orc:2    | Bought a scroll of identify for 24 gold pieces
 19114 | Orc:2    | Bought a scroll of identify for 24 gold pieces
 19114 | Orc:2    | Bought a scroll of identify for 24 gold pieces
 19114 | Orc:2    | Bought a scroll of identify for 24 gold pieces
 19119 | Orc:2    | Bought a scroll of magic mapping for 42 gold pieces
 19371 | Swamp:1  | Reached skill level 11 in Fighting
 19380 | Swamp:1  | HP: 17/118 [very large slime creature (50)]
 19392 | Swamp:1  | HP: 17/118 [slime creature (10)]
 19397 | Swamp:1  | HP: 13/118 [slime creature (11)]
 20043 | Swamp:4  | Entered Level 4 of the Swamp
 20045 | Swamp:4  | Noticed Bai Suzhen
 20045 | Swamp:4  | oh great
 20189 | Swamp:4  | Reached XP level 16. HP: 103/125 MP: 23/23
 20206 | Swamp:4  | Noticed Nikola
 20275 | Swamp:4  | Killed Nikola
 20631 | Swamp:3  | Reached skill level 10 in Invocations
 20960 | Swamp:3  | Noticed a thorn hunter
 20965 | Swamp:4  | Noticed a thorn hunter
 20984 | Swamp:4  | Killed a thorn hunter
 20984 | Swamp:4  | Reached skill level 9 in Evocations
 21018 | Swamp:4  | Noticed a thorn hunter
 21190 | Swamp:4  | HP: 23/125 [Bai Suzhen] (3)]
 21192 | Swamp:4  | i'm just blinking around her
 21192 | Swamp:4  | nice
 21194 | Swamp:4  | HP: 6/125 [swamp dragon (12)]
 21195 | Swamp:4  | Mangled by a swamp dragon

Vault maps used:
D:1:      ldierk_walled_garden_2
D:2:      lemuel_doored_altar
D:3:      wad_crossroads
D:4:      kennysheep_mini_moat, first_bread, serial_shops, shop, trog_book,
          uniq_crazy_yiuf_cottage, uniq_eustachio
D:5:      gammafunk_temple_overflow_statue, feat_on_display
D:6:      minmay_temple_entry_grid, interstate_on_off, trog_three_pillars_becter
D:7:      grunt_temple_overflow_open
D:8:      lair_entry_dummy, nicolae_ossuary_entry_giza, fountainhead
D:9:      fedhas_altar_3
D:10:     david_nohive_1, kennysheep_generic_room_14
D:12:     orc_0_dummy, kennysheep_generic_room_2, uniq_nessos
D:13:     lightli_vaults_fourway_checkpoint
D:14:     nrook_pool_corridor, nicolae_blasting_shop
D:15:     grunt_enter_depths_giant_problem, dk_noncrumbling_4, serial_shops,
          nicolae_shop_behind_doors, minivault_11, grunt_ministairs_7,
          minivault_26
Temple:   kb_temple_of_zot
Lair:1:   lemuel_oklob_altar
Lair:2:   minmay_swamp_entry_worms, wad_woods_antlair, grunt_megastairs_1
Lair:3:   statuecave_lemuel, grunt_megastairs_4
Lair:4:   minmay_snake_entry_guardpost_medium, enter_volcano_4,
          beast_lair_carwin_6
Lair:5:   uniq_urug
Lair:6:   minmay_lair_end_enchanted_forest, dpeg_slime_entry_corner,
          lab_entry_generic, nicolae_lair_yak_garden
Swamp:1:  evilmike_swamp_ruin_house_3, infiniplex_staircase_pool
Swamp:2:  infiniplex_staircase_pool_2
Swamp:3:  nicolae_swamp_treefoil
Swamp:4:  swamp, uniq_bai_suzhen, uniq_nikola
Orc:1:    mines1_david, uniq_nergalle
Orc:2:    st_orc_ogre_mass, mines2_david, uniq_rupert
Lab:      labyrinth_skeletal_remains, nicolae_lab_blocks, nicolae_lab_do_over
Ossuary:  ossuary_tomb_1
Volcano:  volcano_bunker

Skill      XL: |  1  2  3  4  5  6  7  8  9 10 11 12 13 14 15 16 |
---------------+-------------------------------------------------+-----
Unarmed Combat | 2 4 5 6 7 8 9 10 11 12 13 | 13.4
Fighting       | 6 7 8 9 10 11 | 11.1
Dodging        | 6 7 8 9 10 | 10.0
Armour         | 6 7 8 9 |  9.1
Invocations    | 7 8 9 10 | 10.0
Evocations     | 5 7 8 9 |  9.0
Translocations | 5 |  5.1
Hexes          | 7 |  7.2
Poison Magic   | 6 |  6.6
Air Magic      | 6 |  6.5
Conjurations   | 6 |  6.6
Throwing       | 9 |  9.0
Shields        | 7 |  7.3
Necromancy     | 4 |  4.3
Stealth        | |  1.3

Action                   |  1- 3 |  4- 6 |  7- 9 | 10-12 | 13-15 | 16-18 || total
-------------------------+-------+-------+-------+-------+-------+-------++-------
Melee: Dagger            |   100 |       |       |       |       |       ||   100
       Bite              |    14 |    16 |    55 |   187 |   365 |    59 ||   696
       Punch             |     1 |     1 |    17 |    80 |    44 |       ||   143
       Unarmed           |    52 |   132 |   455 |   894 |  1561 |   226 ||  3320
       Short sword       |    11 |   101 |       |       |       |       ||   112
 Fire: Blowgun           |       |     5 |     6 |    17 |    23 |     1 ||    52
Throw: Tomahawk          |       |       |       |       |    30 |    10 ||    40
 Cast: Blink             |       |       |       |     2 |       |     5 ||     7
       Apportation       |       |       |       |       |     6 |     2 ||     8
       Animate Skeleton  |       |       |       |       |     3 |     4 ||     7
Invok: Bend Time         |       |       |       |     7 |    10 |     1 ||    18
       Slouch            |       |       |       |       |    13 |     7 ||    20
       Temporal Distorti |       |       |       |       |     1 |     1 ||     2
Evoke: Wand              |       |       |     2 |    10 |    10 |     8 ||    30
       Lightning rod     |       |       |       |       |     8 |     4 ||    12
       Lamp of fire      |       |       |       |       |     1 |     1 ||     2
  Use: Potion            |     1 |     1 |       |       |     6 |     1 ||     9
       Scroll            |       |     1 |     8 |    13 |    15 |     1 ||    38
 Stab: Confused          |       |       |       |     4 |       |       ||     4
       Sleeping          |       |       |       |     1 |       |       ||     1
       Distracted        |       |       |       |       |     2 |     1 ||     3
  Eat: Chunk             |     1 |     7 |     6 |    13 |    21 |     1 ||    49
       Royal jelly       |       |       |     1 |       |       |       ||     1
       Fruit             |       |       |       |     3 |     7 |     2 ||    12
Armor: Scale mail        |    94 |   119 |   172 |   309 |     4 |       ||   698
       Skin              |     4 |       |       |       |       |       ||     4
       Chain mail        |       |       |       |       |   576 |    87 ||   663
Dodge: Dodged            |    92 |   105 |   234 |   821 |   960 |   150 ||  2362
Block: Buckler           |       |       |       |       |   383 |    85 ||   468
